 Dungeon Crawl Stone Soup version 0.30-a0-859-gf88a04b62d (webtiles) character file.

Game seed: 3111487545911448326

6976 BubbleThief the Fighter (level 11, -3/115 HPs)
             Began as a Naga Cinder Acolyte on Mar 6, 2023.
             Was a Believer of Ignis.
             Slain by a gnoll bouda
             ... wielding a +0 club
              (6 damage)
             ... on level 8 of the Dungeon.
             The game lasted 00:15:34 (9086 turns).

BubbleThief the Fighter (Naga Cinder Acolyte)       Turns: 9086, Time: 00:15:35

Health: -3/115     AC: 12    Str: 19    XL:     11   Next: 8%
Magic:  1/18       EV:  7    Int: 28    God:    Ignis [**....]
Gold:   410        SH:  0    Dex:  7    Spells: 18/20 levels left

rFire   + + .      SeeInvis +    A - +4 morningstar
rCold   . . .      Faith    .    (no shield)
rNeg    . . .      Spirit   .    b - +0 robe of the Hot Ocelot {Int+3 SInv Archmagi}
rPois   +          Reflect  .    x - +0 helmet
rElec   .          Rampage  .    (no cloak)
rCorr   .          Archmagi +    (no gloves)
Will    +....                    u - +0 barding "Xaehis" {*Corrode Fly Int+9}
Stlth   +                        (no amulet)
HPRegen 0.39/turn                d - ring of fire
MPRegen 0.16/turn                n - ring of protection from cold

@: about to teleport, weakened, corroded, fiery-armoured, flying, very slow
A: AC +3, large, see invisible, deformed body, poison resistance, slowness 2,
spit poison 1, naga tail 1
a: Spit Poison, Renounce Religion, Fiery Armour, Foxfire Swarm, Rising Flame


You were on level 8 of the Dungeon.
You worshipped Ignis.
Ignis was pleased with you.
You visited 1 branch of the dungeon, and saw 8 of its levels.

You collected 410 gold pieces.

Inventory:

Hand Weapons
 z - a +2 whip of flaming
 A - a +4 morningstar (weapon)
Missiles
 H - a throwing net
Armour
 b - the +0 robe of the Hot Ocelot (worn) {Int+3 SInv Archmagi}
   (You found it on level 5 of the Dungeon)

   Int:       It affects your intelligence (+3).
   SInv:      It lets you see invisible.
   Archmagi:  It increases the power of your magical spells.
 u - the +0 barding "Xaehis" (worn) {*Corrode Fly Int+9}
   (You acquired it on level 6 of the Dungeon)

   Int:       It affects your intelligence (+9).
   Fly:       It grants you flight.
   *Corrode:  It may corrode you when you take damage.
 x - a +0 helmet (worn)
 B - a +1 barding
 G - the +1 leather armour of Eruyt {Contam Str+6 Slay+4}
   (You found it on level 7 of the Dungeon)

   Str:       It affects your strength (+6).
   Slay:      It affects your accuracy & damage with ranged weapons and melee
   (+4).
   Contam:    It causes magical contamination when unequipped.
Jewellery
 d - a ring of fire (left hand)
 n - a ring of protection from cold (right hand)
 t - a ring of resist corrosion
Wands
 i - a wand of mindburst (9)
 q - a wand of light (6)
 w - a wand of digging (5)
 y - a wand of roots (35)
 D - a wand of charming (6)
Scrolls
 e - 3 scrolls of teleportation
 g - 3 scrolls of enchant weapon
 k - 11 scrolls of identify
 o - 2 scrolls of vulnerability
 E - a scroll of enchant armour {unknown}
 F - a scroll of noise {unknown}
 I - a scroll of poison {unknown}
Potions
 c - 3 potions of heal wounds {unknown}
 f - a potion of resistance
 h - 3 potions of flight {unknown}
 j - 4 potions of mutation {unknown}
 l - 6 potions of curing
 m - 2 potions of degeneration {unknown}
 p - 3 potions of might
 r - a potion of berserk rage {unknown}
 s - 3 potions of attraction {unknown}
 v - 2 potions of lignification
 C - a potion of cancellation {unknown}


   Skills:
 + Level 12.4 Fighting
 * Level 8.6 Maces & Flails
 - Level 5.0 Spellcasting
 - Level 6.8 Fire Magic


You had 18 spell levels left.
You knew the following spells:

 Your Spells              Type           Power      Damage    Failure   Level
a - Scorch                Fire           100%       2d10      1%          2

Your spell library contained the following spells:

 Spells                   Type           Power      Damage    Failure   Level
 Dazzling Flash           Conj/Hex       20%        N/A       21%         3
 Summon Guardian Golem    Hex/Summ       10%        N/A       21%         3
 Olgreb's Toxic Radiance  Pois           10%        N/A       54%         4
 Summon Lightning Spire   Summ/Air       10%        N/A       54%         4
 Agony                    Necr           10%        N/A       88%         5
 Silence                  Hex/Air        5%         N/A       88%         5
 Orb of Destruction       Conj           5%         9d5       100%        7
 Ozocubu's Refrigeration  Ice            5%         4d8       100%        7
 Spellforged Servitor     Conj/Summ      5%         N/A       100%        7
 Storm Form               Tmut/Air       5%         N/A       100%        7
 Ignition                 Fire           40%        3d12      100%        8
 Maxwell's Capacitive Co  Air            5%         ∞         100%        8


Dungeon Overview and Level Annotations

Branches:
Dungeon (8/15)             Temple (0/1) D:7            Lair (0/5) D:8

Altars:
Ashenzari
Cheibriados
Dithmenos
Hepliaklqana
Wu Jian
Zin

Annotations:
D:7 1 runed translucent door, bmack86's ghost, novice MiFi


Innate Abilities, Weirdness & Mutations

Your serpentine skin is tough. (AC +3)
You have supernaturally acute eyesight. (SInv)
Armour fits poorly on your strangely shaped body.
Your system is resistant to poisons. (rPois)
You cover ground very slowly.
You can spit poison.
You have a snake-like lower body.


Message History

Casting: Scorch (safe; 1% risk of failure)
Confirm with . or Enter, or press ? or * to list all spells.
You feel a strong surge of power!
Flames lash the gnoll bouda.
The gnoll bouda is burned terribly!
The gnoll bouda is severely wounded.
The boulder beetle bites you.
Unknown command.
Casting: Scorch (safe; 1% risk of failure)
Confirm with . or Enter, or press ? or * to list all spells.
You feel a strong surge of power!
Flames lash the boulder beetle.
The boulder beetle is heavily wounded.
The boulder beetle's fire resistance burns away.
The boulder beetle bites you!!
* * * LOW HITPOINT WARNING * * *
You hit the boulder beetle but do no damage.
The boulder beetle is heavily wounded.
The boulder beetle bites you!
* * * LOW HITPOINT WARNING * * *
You hit the boulder beetle but do no damage.
The boulder beetle is heavily wounded.
The boulder beetle barely misses you.
You hit the boulder beetle but do no damage.
The boulder beetle is heavily wounded.
The boulder beetle bites you!!
* * * LOW HITPOINT WARNING * * *
The gnoll bouda utters an invocation to its god.
The gnoll bouda is healed somewhat.
As you read the scroll of teleportation, it crumbles to dust.
You feel strangely unstable.
The boulder beetle is no longer more vulnerable to fire.
The boulder beetle leaps!
The gnoll bouda gazes fiercely through you!
You feel your attacks grow feeble.
The gnoll bouda is no longer more vulnerable to fire.
You puncture the gnoll bouda!
The gnoll bouda is almost dead.
The gnoll bouda gazes fiercely through you!
You feel as though you will be weak longer.
The gnoll bouda hits you with a +0 club.
You die...

.##### ##§§§§≈≈≈≈≈≈≈.#
.....## ##≈≈§≈######≈≈≈##
##....###≈§≈8##....##§≈≈#
########≈≈≈§##......##§≈#
......§≈§≈.8#..####..#§≈##
.....##§≈...'..# #..#≈≈§#
.######≈§>..'..# +..#≈§.#
....# #≈≈≈.8#..####..#≈≈.#
...## ##≈≈≈.##..@g..##≈≈.#
..## ##§≈≈8##....##≈≈≈.#
#..## ##≈≈≈≈######§§§..#
##..# #.≈≈§≈§§§§≈≈§...#
##.#### #.##≈≈≈≈≈§≈≈#.###
#....###.###########.#
#.##.........))).†...#
######.....####.########
#.##.....)...##.#


You could see a gnoll bouda (reflecting).

Vanquished Creatures
  Gastronok (D:8)
  Amaemon (D:8)
  Pikel (D:6)
  An orange demon (D:8)
  Psyche (D:8)
  Eustachio (D:6)
  4 yaks (D:8)
  2 steam dragons
  2 wargs (D:8)
  Duvessa (D:6)
  2 water moccasins
  2 orc warriors
  2 black bears (D:5)
  An ogre (D:6)
  A sky beast (D:6)
  A centaur (D:6)
  2 lemures (D:6)
  2 phantoms
  5 bullfrogs
  A gnoll sergeant (D:8)
  4 scorpions
  5 wights (D:5)
  Dowan (D:6)
  An electric eel (D:7)
  A crimson imp (D:7)
  2 lava snakes (D:8)
  A jelly (D:5)
  A gnoll bouda (D:5)
  6 hounds
  3 orc priests (D:8)
  2 iguanas
  3 sleepcaps
  Ijyb (D:5)
  Natasha (thrice) (D:3)
  7 orc wizards
  8 gnolls
  7 adders
  2 white imps
  2 ufetubi
  5 worms
  4 dart slugs
  28 orcs
  2 ball pythons
  5 endoplasms
  5 giant cockroaches
  4 goblins
  9 hobgoblins
  9 jackals
  4 kobolds
  3 quokkas
  5 bats
  5 frilled lizards
  5 rats
187 creatures vanquished.

Vanquished Creatures (others)
  29 foxfires (D:8)
29 creatures vanquished.

Grand Total: 216 creatures vanquished

Notes
Turn   | Place    | Note
-------+----------+-------------------------------------------
     0 | D:1      | BubbleThief the Naga Cinder Acolyte began the quest for the
                  | Orb.
     0 | D:1      | Reached XP level 1. HP: 21/21 MP: 2/2
    40 | D:1      | Reached XP level 2. HP: 16/28 MP: 3/3
   235 | D:1      | Learned a level 2 spell: Scorch
   287 | D:1      | Reached XP level 3. HP: 25/34 MP: 1/5
   802 | D:2      | Found a faded altar of an unknown god.
  1050 | D:2      | Reached XP level 4. HP: 42/42 MP: 0/7
  1667 | D:3      | Noticed Natasha
  1670 | D:3      | Killed Natasha
  1732 | D:3      | Noticed Natasha
  1736 | D:3      | Killed Natasha
  1737 | D:3      | Reached XP level 5. HP: 42/49 MP: 3/8
  2089 | D:3      | Noticed Natasha
  2093 | D:3      | Killed Natasha
  2094 | D:3      | Reached skill level 5 in Fire Magic
  3101 | D:4      | Found a glowing silver altar of Zin.
  3106 | D:4      | Reached XP level 6. HP: 56/56 MP: 3/10
  3261 | D:4      | Found a shadowy altar of Dithmenos.
  3261 | D:4      | Found a broken altar of Ashenzari.
  3284 | D:4      | Found a hazy altar of Hepliaklqana.
  3286 | D:4      | Found a snail-covered altar of Cheibriados.
  3288 | D:4      | Found an ornate altar of the Wu Jian Council.
  3913 | D:5      | Entered Level 5 of the Dungeon
  3931 | D:5      | Noticed a black bear
  3935 | D:5      | Killed a black bear
  3974 | D:5      | Reached XP level 7. HP: 28/62 MP: 0/12
  4001 | D:5      | Identified the +1 robe "Panuaj" {+Blink rN+ Regen+ Dex-3}
  4249 | D:5      | Identified the +0 robe of the Hot Ocelot {Int+3 SInv
                  | Archmagi}
  4281 | D:5      | Reached skill level 4 in Fighting
  4433 | D:5      | Noticed Ijyb
  4436 | D:5      | Killed Ijyb
  4437 | D:5      | Reached XP level 8. HP: 54/72 MP: 4/15
  4441 | D:5      | Reached skill level 5 in Spellcasting
  4761 | D:5      | Reached skill level 5 in Fighting
  5030 | D:5      | Reached skill level 6 in Fighting
  5280 | D:6      | Reached skill level 7 in Fighting
  5332 | D:6      | Noticed Pikel
  5348 | D:6      | Killed Pikel
  5349 | D:6      | Reached skill level 8 in Fighting
  5349 | D:6      | Reached XP level 9. HP: 46/90 MP: 7/16
  5356 | D:6      | Reached skill level 9 in Fighting
  5553 | D:6      | Identified a scroll of acquirement
  5553 | D:6      | Acquired the +0 barding "Xaehis" {*Corrode Fly Int+9}
  5559 | D:6      | Noticed Eustachio
  5592 | D:6      | Killed Eustachio
  5819 | D:6      | Reached skill level 10 in Fighting
  5916 | D:6      | Noticed Duvessa
  5923 | D:6      | Noticed Dowan
  5929 | D:6      | Killed Duvessa
  5939 | D:6      | Killed Dowan
  6353 | D:7      | Reached skill level 11 in Fighting
  6628 | D:7      | Found a runed translucent door.
  6632 | D:7      | Noticed bmack86's ghost (novice MiFi)
  6632 | D:7      | Noticed a cyclops
  6801 | D:7      | Found a staircase to the Ecumenical Temple.
  6862 | D:7      | Identified the +1 leather armour of Eruyt {Contam Str+6
                  | Slay+4}
  7126 | D:8      | Reached XP level 10. HP: 43/105 MP: 1/17
  7315 | D:8      | Noticed an orange demon
  7315 | D:8      | Noticed Amaemon
  7321 | D:8      | Killed an orange demon
  7331 | D:8      | Killed Amaemon
  7332 | D:8      | Reached skill level 5 in Maces & Flails
  7969 | D:8      | Noticed Gastronok
  7998 | D:8      | Killed Gastronok
  7999 | D:8      | Reached skill level 12 in Fighting
  8113 | D:8      | Noticed Psyche
  8293 | D:8      | Killed Psyche
  8400 | D:8      | Noticed a boulder beetle
  8608 | D:8      | Reached XP level 11. HP: 114/114 MP: 15/18
  8726 | D:8      | Found a staircase to the Lair.
  9067 | D:8      | Identified the amulet "Zafer" {Reflect +Inv rCorr SH+5}
  9082 | D:8      | HP: 1/115 [boulder beetle (21)]
  9086 | D:8      | Slain by a gnoll bouda

Illustrated notes

Levels and vault maps discovered:
D:1:      saegor_arrival_miasma, layout_rooms
D:2:      layout_basic, shapermc_ecumenical_altar_pompeii
D:3:      layout_basic, uniq_natasha
D:4:      layout_basic, chequers_temple_overflow_minitemple,
          mainiacjoe_overflow_surrounded_room
D:5:      layout_basic, uniq_ijyb
D:6:      layout_rooms, portal_sewer_entry_d, uniq_eustachio, uniq_duvessa,
          uniq_pikel
D:7:      layout_cave_pools, minmay_temple_entry_offerings,
          ebering_ghost_inner_flame, kennysheep_path_1, corexii_corridor_pit,
          minmay_fire_ice_demons, uniq_crazy_yiuf_cottage
D:8:      layout_rooms, erik_lair_orcish_takeover, kennysheep_island_fort,
          uniq_psyche, uniq_amaemon, uniq_gastronok

Skill      XL: |  1  2  3  4  5  6  7  8  9 10 |
---------------+-------------------------------+-----
Fire Magic     | 4 5 6 |  6.8
Spellcasting   | 2 3 4 5 |  5.0
Fighting       | 4 8 11 12 | 12.4
Maces & Flails | 8 |  8.6

Action                     |  1- 3 |  4- 6 |  7- 9 | 10-12 || total
---------------------------+-------+-------+-------+-------++-------
  Melee: Mace              |    43 |    16 |    31 |       ||    90
         Punch             |       |       |     2 |       ||     2
         Morningstar       |       |       |    38 |    64 ||   102
         Whip              |       |       |    15 |       ||    15
   Cast: Scorch            |    20 |    59 |   118 |    69 ||   266
 Invoke: Fiery Armour      |     1 |       |     2 |     3 ||     6
         Foxfire Swarm     |       |       |       |     2 ||     2
Ability: Spit Poison       |     8 |    11 |    21 |    13 ||    53
  Evoke: Wand              |       |       |     2 |       ||     2
    Use: Scroll            |       |       |     7 |     1 ||     8
 Armour: Robe              |    11 |    11 |    59 |    36 ||   117
  Dodge: Dodged            |    27 |    20 |    72 |    39 ||   158

Table legend: (Time is in decaauts)
 A = Elapsed time spent in this place.
 B = Non-inter-level travel time spent in this place.
 C = Inter-level travel time spent in this place.
 D = Time resting spent in this place.
 E = Time spent auto-exploring this place.
 F = Levels seen in this place.
 G = Mean time per level.
                   A        B        C        D        E       F      G
               +--------+--------+--------+--------+--------+-----+--------+
         Total |  10733 |  10388 |    345 |    631 |   8313 |   8 | 1341.6 |
       Dungeon |  10733 |  10388 |    345 |    631 |   8313 |   8 | 1341.6 |
               +--------+--------+--------+--------+--------+-----+--------+

Top non-repeatable levels by time:
     D:8: 1906 daAuts
     D:4: 1826 daAuts
     D:5: 1548 daAuts
     D:7: 1423 daAuts
     D:2: 1120 daAuts
     D:6: 1045 daAuts
     D:3: 1042 daAuts
     D:1: 819 daAuts
